 Dungeon Crawl Stone Soup version 0.27.1-34-g3ba077fa99 (webtiles) character file.

Game seed: 16033551321098806931

48 unlimited1921 the Ogre Mage (level 3, -5/35 HPs)
             Began as an Ogre Fire Elementalist on Jan 3, 2022.
             Killed from afar by Natasha (9 damage)
             ... with a magic dart
             ... on level 2 of the Dungeon.
             The game lasted 00:07:51 (2129 turns).

unlimited1921 the Ogre Mage (OgFE)                  Turns: 2129, Time: 00:07:51

Health: -5/35      AC:  3    Str: 12    XL:     3   Next: 72%
Magic:  1/7        EV:  9    Int: 17    God:
Gold:   30         SH:  0    Dex:  9    Spells: 7/8 levels left

rFire    . . .     SeeInvis .   c - +0 whip
rCold    . . .     Faith    .   (no shield)
rNeg     . . .     Spirit   .   a - +0 robe
rPois    .         Reflect  .   (helmet restricted)
rElec    .         Harm     .   (no cloak)
rCorr    +         Rampage  .   (gloves unavailable)
Will     .....                  (boots unavailable)
Stlth    ++........             (no amulet)
HPRegen  0.11/turn              b - ring of resist corrosion
MPRegen  0.10/turn              (no ring)

@: no status effects
A: large, unfitting armour, tough skin 1
a: no special abilities


You were on level 2 of the Dungeon.
You visited 1 branch of the dungeon, and saw 2 of its levels.

You collected 30 gold pieces.

Inventory:

Hand Weapons
 c - a +0 whip (weapon)
 d - a +0 short sword
 h - a +0 short sword
Armour
 a - a +0 robe (worn)
Jewellery
 b - a ring of resist corrosion (left hand)
Scrolls
 e - a scroll of immolation
 f - 3 scrolls of identify {unknown}
Potions
 g - a potion of invisibility {unknown}


   Skills:
 * Level 1.9 Fighting
 + Level 1.9 Dodging
 + Level 1.7 Stealth
 + Level 3.2 Spellcasting
 + Level 1.0 Conjurations
 + Level 3.1 Fire Magic


You had 7 spell levels left.
You knew the following spells:

 Your Spells              Type           Power      Damage    Failure   Level
a - Foxfire               Conj/Fire      36%        2x1d5     8%          1

Your spell library contained the following spells:

 Spells                   Type           Power      Damage    Failure   Level
 Conjure Flame            Conj/Fire      9%         6-21      22%         3
 Inner Flame              Hex/Fire       8%         N/A       26%         3
 Sticky Flame             Conj/Fire      9%         2d3       58%         4
 Fireball                 Conj/Fire      4%         3d4       90%         5


Dungeon Overview and Level Annotations

Branches:
Dungeon (2/15)

Altars:

Annotations:
D:2 Natasha


Innate Abilities, Weirdness & Mutations

You are too large for most types of armour.
You have tough skin. (AC +1)


Message History

Confirm with . or Enter, or press ? or * to list all spells.
You conjure some foxfire!
Natasha claws you.
You hit Natasha.
Natasha is moderately wounded.
Natasha barely misses you.
Casting: Foxfire (safe; 8% risk of failure)
Confirm with . or Enter, or press ? or * to list all spells.
You conjure some foxfire!
Natasha claws you.
Your foxfire dissipates!
Casting: Foxfire (safe; 8% risk of failure)
Confirm with . or Enter, or press ? or * to list all spells.
You conjure some foxfire!
The foxfire hits Natasha.
Natasha is heavily wounded.
The foxfire hits Natasha but does no damage.
Natasha is heavily wounded.
Unknown command.
The foxfire hits Natasha but does no damage.
Natasha is heavily wounded.
Your magical contamination has completely faded away.
You see here a scroll labelled SAENKAZXO.
The foxfire hits Natasha.
Natasha is heavily wounded.
Natasha stares at you and mumbles some strange words.
The magic dart hits you!
Casting: Foxfire (safe; 8% risk of failure)
Confirm with . or Enter, or press ? or * to list all spells.
You conjure some foxfire!
The foxfire hits Natasha but does no damage.
Natasha is heavily wounded.
The foxfire hits Natasha.
Natasha is heavily wounded.
Natasha claws you. Natasha casts a spell at you. The magic dart hits you!
* * * LOW HITPOINT WARNING * * *
A goblin comes into view. It is wielding a +0 club.
The goblin shouts!
Natasha stares at you and mumbles some strange words.
The magic dart hits you!
You die...

### #.. #.# ##
#######.# ..
#.......# .#
#.......# .#
#.......# ##.#####
#......@######......#
.......g.h..........#
...##.#.#####.......#
. #.#.# #.......# #
#.# #.#+##### ....
#.#.# #.#.###.#.# #.
#.#.....#.#.# #.
#.###.#.#.#ยง#


You could see Natasha and a goblin.

Vanquished Creatures
  Robin (D:1)
  6 bats (D:1)
  An endoplasm (D:1)
  10 goblins
  5 hobgoblins
  4 kobolds (D:1)
  3 quokkas (D:1)
  4 rats (D:1)
34 creatures vanquished.

Vanquished Creatures (others)
  92 foxfires
92 creatures vanquished.

Grand Total: 126 creatures vanquished

Notes
Turn   | Place    | Note
-------+----------+-------------------------------------------
     0 | D:1      | unlimited1921 the Ogre Fire Elementalist began the quest
                  | for the Orb.
     0 | D:1      | Reached XP level 1. HP: 16/16 MP: 3/3
    20 | D:1      | Reached skill level 1 in Fighting
   199 | D:1      | Found a faded altar of an unknown god.
   208 | D:1      | Reached XP level 2. HP: 27/27 MP: 1/5
  1729 | D:2      | Noticed Robin
  1734 | D:2      | Reached XP level 3. HP: 33/33 MP: 5/7
  1887 | D:1      | Killed Robin
  1888 | D:1      | Reached skill level 1 in Conjurations
  2106 | D:2      | Noticed Natasha
  2129 | D:2      | Killed from afar by Natasha

Illustrated notes

Levels and vault maps discovered:
D:1:      amcnicky_arrival_wind_blow, layout_loops_cross,
          hellmonk_ecumenical_altar_blasted, minmay_stone_trees_small
D:2:      minmay_recursive_quarters, layout_basic, uniq_robin, uniq_natasha

Skill      XL: |  1  2  3 |
---------------+----------+-----
Fighting       | 1 |  1.9
Fire Magic     | 3 |  3.1
Spellcasting   | 3 |  3.2
Conjurations   | 1 |  1.0
Dodging        | |  1.9
Stealth        | |  1.7

Action                   || total
-------------------------++-------
Melee: Whip              ||    21
 Cast: Foxfire           ||    57
 Stab: Sleeping          ||     1
Armor: Robe              ||    17
Dodge: Dodged            ||    24
